 Dungeon Crawl Stone Soup version 0.17.1-3-g152610e (webtiles) character file.

673 BopBopBop the Sneak (level 7, 0/53 HPs)
             Began as a Demonspawn Assassin on Apr 19, 2016.
             Was a Follower of Trog.
             Killed from afar by an electric eel (5 damage)
             ... with a bolt of electricity
             ... on level 6 of the Dungeon.
             The game lasted 00:16:11 (3723 turns).

BopBopBop the Sneak (Demonspawn Assassin)           Turns: 3723, Time: 00:16:11

Health: 0/53       AC: 12    Str: 11    XL:     7   Next: 33%
Magic:  7/7        EV: 13    Int: 13    God:    Trog [*.....]
Gold:   170        SH:  0    Dex: 15    Spells: 0 memorised, 6 levels left

rFire  . . .     SeeInvis .     i - +2 short sword (venom)
rCold  . . .     Clarity  .     A - +0 leather armour {rPois}
rNeg   . . .     SustAt   +     (no shield)
rPois  +         Gourm    .     t - +2 helmet
rElec  .         Spirit   .     d - +0 cloak
rCorr  .         Warding  .     j - +0 pair of gloves
rMut   .         Stasis   .     (no boots)
MR     .....                    z - amulet of inaccuracy (curse)
Stlth  ++........               (no ring)
                                p - ring of sustain attributes

@: not resistant to hostile enchantments, unstealthy
A: rough black scales 1, spiny 1
a: Berserk, Burn Spellbooks, Renounce Religion


You were on level 6 of the Dungeon.
You worshipped Trog.
Trog was aware of your devotion.
You were not hungry.

You visited 1 branch of the dungeon, and saw 6 of its levels.

You collected 170 gold pieces.

Inventory:

Hand Weapons
 a - a +2 dagger
 b - a +0 blowgun
 i - a +2 short sword of venom (weapon)
Missiles
 e - 40 poisoned needles
 f - 6 curare-tipped needles
Armour
 c - a +0 robe
 d - a +0 cloak (worn)
 j - a +0 pair of gloves (worn)
 t - a +2 helmet (worn)
 x - a +0 scale mail
 A - a +0 leather armour of poison resistance (worn)
Jewellery
 p - a ring of sustain attributes (left hand)
 z - a cursed amulet of inaccuracy (around neck)
Wands
 r - a wand of frost (11)
 B - a wand of flame (28)
Scrolls
 l - 3 scrolls of remove curse
 m - 3 scrolls of teleportation {unknown}
 n - 4 scrolls of identify {unknown}
 o - 3 scrolls of recharging {unknown}
 s - a scroll of amnesia
 v - a scroll of noise {unknown}
 w - a scroll of enchant weapon {unknown}
 y - a scroll of enchant armour {unknown}
Potions
 h - a potion of flight {unknown}
 q - 2 potions of heal wounds {unknown}
 u - 4 potions of haste {unknown}
 C - a potion of beneficial mutation {unknown}
 D - 2 potions of invisibility {unknown}
 E - a potion of mutation {unknown}
 G - a potion of curing {unknown}
Books
 F - a book of Ice

   Spells                             Type                      Level
   a - Ice Form                       Ice/Transmutation            4
   b - Metabolic Englaciation         Hexes/Ice                    5
   c - Ozocubu's Refrigeration        Ice                          6
   d - Bolt of Cold                   Conjuration/Ice              6
   e - Freezing Cloud                 Conjuration/Ice/Air          6
   f - Simulacrum                     Ice/Necromancy               6
   Trog disapproves of the use of such an item.
Comestibles
 g - 6 bread rations
 k - a fruit


   Skills:
 * Level 3.8 Fighting
 + Level 3.0 Short Blades
 - Level 2.0 Throwing
 + Level 1.0 Armour
 + Level 4.0 Dodging
 + Level 5.9 Stealth


You had 6 spell levels left.
You didn't know any spells.

Dungeon Overview and Level Annotations

Branches:
Dungeon (6/15)
 Temple: D:4-7

Altars:
Ashenzari
Sif Muna
Trog
Vehumet
The Shining One

Shops:
D:5 *


Innate Abilities, Weirdness & Mutations

You are partially covered in rough black scales (AC +4, Dex -1).
You are partially covered in sharp spines.


Message History

You fall into the shallow water.
Moving in this stuff is going to be slow.
An electric eel comes into view.
An electric eel is nearby!
The electric eel shoots out a bolt of lightning at you!
The bolt of electricity hits you! Why would you want to do that?
The electric eel shoots out a bolt of lightning at you!
The bolt of electricity hits you!
The electric eel shoots out a bolt of lightning at you!
The bolt of electricity hits you! Why would you want to do that?
Why would you want to do that? Why would you want to do that?
The electric eel shoots out a bolt of lightning at you!
The bolt of electricity hits you!
* * * LOW HITPOINT WARNING * * *
The electric eel shoots out a bolt of lightning at you!
The bolt of electricity hits you!
You die...

≈≈≈≈≈##≈≈≈#
≈≈≈≈≈≈#≈≈≈#
≈≈≈≈≈≈#≈≈≈#
≈≈≈;≈≈≈≈≈≈#
≈≈≈≈≈≈≈≈≈#
#≈≈≈≈≈≈#
#≈≈≈≈≈≈#
#≈≈≈≈≈@#
#≈≈#≈≈≈# #≈
#≈≈≈# #
##≈## ###


You could see an electric eel.

Vanquished Creatures
  An ogre (D:5)
  A centaur (D:5)
  A giant frog (D:5)
  2 scorpions
  A giant frog zombie (D:3)
  2 hounds
  A worker ant (D:4)
  A giant frog skeleton (D:5)
  An orc wizard (D:5)
  A worker ant zombie (D:5)
  6 adders
  3 oozes
  4 giant geckos
  11 orcs
  A ball python (D:2)
  7 bats
  2 giant cockroaches
  5 hobgoblins
  4 giant newts
  6 goblins
  8 jackals
  A jackal skeleton (D:4)
  11 kobolds
  8 rats
89 creatures vanquished.

Notes
Turn   | Place    | Note
--------------------------------------------------------------
     0 | D:1      | BopBopBop the Demonspawn Assassin began the quest for the Orb.
     0 | D:1      | Reached XP level 1. HP: 16/16 MP: 1/1
   184 | D:1      | Gained mutation: You are partially covered in sharp spines. [demonic ancestry]
   184 | D:1      | Reached XP level 2. HP: 9/22 MP: 2/2
   244 | D:1      | Reached skill level 4 in Stealth
   452 | D:1      | Reached skill level 1 in Dodging
  1148 | D:2      | Gained mutation: You are partially covered in rough black scales (AC +4, Dex -1). [demonic ancestry]
  1148 | D:2      | Reached XP level 3. HP: 28/28 MP: 3/3
  1251 | D:2      | Found a shattered altar of Ashenzari.
  1259 | D:2      | Reached XP level 4. HP: 34/34 MP: 4/4
  1888 | D:3      | Found a glowing golden altar of the Shining One.
  1956 | D:3      | Found a bloodstained altar of Trog.
  1969 | D:3      | Became a worshipper of Trog the Wrathful
  2077 | D:3      | Reached XP level 5. HP: 35/40 MP: 5/5
  2417 | D:4      | Reached skill level 5 in Stealth
  2735 | D:4      | Found a radiant altar of Vehumet.
  2735 | D:4      | Reached * piety under Trog
  2834 | D:4      | Reached XP level 6. HP: 43/47 MP: 6/6
  3250 | D:5      | Entered Level 5 of the Dungeon
  3479 | D:5      | Reached XP level 7. HP: 52/52 MP: 7/7
  3480 | D:5      | Found a deep blue altar of Sif Muna.
  3523 | D:5      | Found Taetecy's Assorted Antiques.
  3658 | D:5      | Reached skill level 1 in Armour
  3723 | D:6      | Killed from afar by an electric eel

Action                   |  1- 3 |  4- 6 |  7- 9 || total
-------------------------+-------+-------+-------++-------
Melee: Dagger            |    14 |       |       ||    14
       Short sword       |    43 |    86 |    17 ||   146
Invok: Berserk           |       |       |     1 ||     1
  Use: Scroll            |     2 |       |       ||     2
 Stab: Sleeping          |     7 |     6 |       ||    13
  Eat: Fruit             |     2 |     2 |       ||     4
       Pizza             |     1 |     1 |       ||     2
       Bread ration      |       |     1 |       ||     1
